Map: Taito Citadel LE

Players

kwhy

  • Race: Zerg Zerg
  • League: Diamond
  • Spawn Location: 5:00

AMCHOLDER - Winner!

  • Race: Zerg Zerg
  • League: Diamond
  • Spawn Location: 11:00

VOD

Have the link to the VOD?

Description

Time

  • Played on: Dec. 26, 2025, 2:53 p.m.
  • Length: 11:22
Show
View Real Time Build Order
Export as new Build Order

kwhy Zerg 

Build Orders: Pool First 

Get SALT Encoding   

  12  0:17  Spawning Pool  
  11  0:22  Drone  
  11  0:26  Drone  
  13  0:34  Drone  
  14  0:40  Overlord  
  14  1:03  Queen  
  16  1:04  Zergling x4  
  16  1:05  Zergling x2  
  19  1:17  Zergling x2  
  20  1:27  Zergling x2  
  21  1:36  Extractor  
  21  1:37  Hatchery  
  19  1:42  Overlord  
  19  2:06  Drone x2  
  19  2:27  Drone x2  
  20  2:36  Drone x3  
  22  2:41  Metabolic Boost  
  22  2:49  Queen  
  24  2:51  Zergling x4  
  24  2:55  Zergling x2  
  27  3:05  Zergling x4  
  29  3:09  Zergling x4  
  31  3:17  Zergling x2  
  32  3:20  Zergling x2  
  32  3:21  Zergling x2  
  32  3:22  Zergling x2  
  32  3:24  Overlord  
  35  3:31  Overlord  
  35  3:43  Zergling x4  
  35  3:44  Zergling x2  
  35  3:46  Zergling x2  
  39  3:50  Zergling x6  
  39  3:54  Zergling x2  
  43  4:07  Zergling x2  
  43  4:08  Zergling x8  
  48  4:13  Zergling x2  
  49  4:18  Zergling x2  
  50  4:27  Zergling x2  
  50  4:28  Zergling x2  
  50  4:29  Zergling x2  
  45  4:34  Zergling x4  
  45  4:35  Zergling x2  
  36  4:42  Zergling x2  
  36  4:44  Zergling x4  
  39  4:45  Zergling x2  
  39  4:46  Zergling x2  
  41  4:54  Zergling x2  
  41  4:55  Zergling x4  
  44  5:03  Zergling x4  
  46  5:08  Zergling x2  
  46  5:09  Zergling x2  
  46  5:12  Zergling x6  
  50  5:22  Zergling x4  
  36  5:31  Zergling x4  
  38  5:38  Zergling x4  
  38  5:42  Zergling x4  
  42  5:43  Zergling x6  
  45  5:53  Drone  
  45  5:54  Drone  
  46  6:00  Drone  
  47  6:07  Drone x3  
  48  6:17  Drone x3  
  48  6:18  Drone  
  51  6:22  Hatchery  
  47  6:35  Roach Warren  
  47  6:40  Drone  
  47  6:43  Drone  
  47  6:44  Drone x4, Extractor  
  51  6:47  Overlord  
  51  7:04  Overlord  
  51  7:10  Overlord  
  51  7:11  Drone  
  51  7:12  Drone x5  
  57  7:20  Drone, Lair  
  57  7:21  Drone  
  59  7:29  Drone x3  
  62  7:33  Roach x2  
  66  7:42  Roach x4  
  74  7:49  Roach x2, Extractor  
  74  7:50  Extractor  
  73  7:54  Roach x2  
  74  8:05  Roach  
  74  8:06  Roach  
  74  8:11  Roach x2  
  74  8:17  Roach  
  61  8:27  Queen  
  63  8:35  Drone x7  
  63  8:40  Drone  
  71  8:56  Roach x2  
  75  9:03  Overlord x2  
  75  9:09  Overlord  
  75  9:17  Hatchery, Overlord  
  74  9:26  Roach  
  74  9:27  Roach x3  
  82  9:38  Roach Warren  
  62  9:49  Zergling x2  
  62  9:50  Zergling x8  
  53  10:02  Zergling x8  
  49  10:28  Roach x7  
  61  10:43  Roach x3  
  61  10:45  Ravager  
  65  10:52  Roach  
  65  10:53  Roach  
  66  11:00  Roach x2  
  66  11:02  Roach  
Show
View Real Time Build Order
Export as new Build Order

AMCHOLDER Zerg - Winner!

Build Orders: Hatch First, Zergling Baneling 

Get SALT Encoding   

  12  0:00  Drone  
  13  0:08  Drone  
  14  0:14  Extractor  
  14  0:16  Drone  
  15  0:23  Overlord  
  15  0:42  Hatchery  
  14  0:45  Drone  
  14  0:49  Drone  
  16  0:53  Drone  
  17  0:57  Drone  
  18  1:07  Extractor  
  17  1:12  Spawning Pool  
  17  1:15  Drone  
  17  1:19  Drone  
  18  1:30  Drone  
  19  1:59  Zergling x6  
  22  2:02  Spine Crawler, Queen  
  22  2:03  Spine Crawler  
  22  2:05  Zergling x2  
  23  2:09  Zergling x2  
  21  2:27  Zergling x4  
  22  2:34  Metabolic Boost  
  22  2:39  Drone  
  23  2:46  Drone  
  23  2:48  Drone  
  25  2:53  Drone  
  26  2:59  Drone x2  
  28  3:13  Baneling Nest  
  28  3:14  Drone  
  28  3:20  Overlord  
  28  3:38  Drone  
  28  3:39  Drone x2  
  28  3:41  Drone x4  
  35  3:44  Drone  
  36  3:50  Overlord  
  36  3:54  Overlord  
  36  3:57  Baneling x2  
  36  4:02  Baneling  
  36  4:05  Baneling  
  36  4:08  Zergling x2  
  36  4:09  Zergling x6  
  39  4:10  Zergling x2  
  39  4:14  Baneling x3  
  39  4:20  Zergling x4  
  40  4:35  Zergling x4  
  41  4:39  Queen  
  41  4:42  Zergling x4  
  41  4:44  Baneling x2  
  45  4:51  Hatchery, Baneling  
  45  4:52  Baneling  
  44  4:57  Zergling x8  
  48  5:02  Zergling x2  
  49  5:08  Drone x2  
  49  5:13  Roach Warren  
  50  5:16  Drone  
  50  5:18  Overlord x2  
  50  5:33  Evolution Chamber  
  50  5:34  Evolution Chamber  
  48  5:38  Evolution Chamber  
  47  5:47  Drone x3, Extractor  
  47  5:48  Drone  
  51  5:50  Drone x3  
  51  5:51  Drone x4  
  51  5:53  Lair  
  51  5:56  Baneling  
  57  5:57  Roach  
  57  6:00  Roach  
  57  6:03  Zergling x2  
  62  6:09  Roach Warren  
  61  6:11  Roach  
  61  6:15  Roach  
  65  6:23  Baneling  
  65  6:28  Overlord  
  65  6:29  Overlord  
  65  6:31  Zergling x6  
  68  6:33  Baneling  
  68  6:34  Baneling  
  68  6:49  Roach x4  
  68  6:51  Zergling x2  
  76  6:58  Evolution Chamber  
  75  7:07  Roach x3  
  75  7:08  Roach  
  83  7:14  Zergling x2  
  84  7:17  Overlord x4  
  84  7:39  Roach x4  
  92  7:47  Baneling x3  
  92  7:48  Baneling x2  
  92  7:50  Overlord x3  
  77  8:17  Roach  
  77  8:18  Roach x5  
  77  8:19  Zergling x2  
  86  8:20  Zergling x10  
  86  8:31  Zergling x2  
  86  8:32  Zergling x2  
  88  8:44  Zergling x4  
  90  8:49  Zergling x6  
  90  8:50  Glial Reconstitution  
  93  9:00  Zergling x10  
  98  9:04  Baneling x2  
  98  9:05  Baneling x3  
  98  9:09  Zergling x4  
  100  9:10  Hatchery  
  100  9:17  Zergling x6  
  94  9:42  Roach x4  
  94  9:43  Roach x6  
  101  9:50  Zergling x2  
  92  9:58  Zergling x2  
  86  10:02  Zergling x2  
  80  10:11  Zergling x2  
  80  10:12  Zergling x2  
  80  10:19  Zergling x10  
  80  10:20  Zergling x4  
  85  10:22  Baneling  
  85  10:23  Baneling  
  85  10:28  Zergling x2  
  82  10:31  Queen  
  82  10:33  Zergling x6  
  87  10:37  Baneling  
  87  10:38  Baneling  
  87  10:39  Zergling x2  
  89  10:43  Roach  
  89  10:52  Roach x5  
  96  11:00  Roach x3  
Tags
 
Add a new tag
Caveats
  • Supply blocks, unpowered buildings, or Contaminate may cause inaccurate times.
  • Supply counts are checked every 10 seconds.